 Dungeon Crawl Stone Soup version 0.28.0-45-g0d030f2227 (webtiles) character file.

Game seed: 6629255104904558841

1832 McKennaii the Summoner (level 8, -5/57 HPs)
             Began as a Demigod Summoner on Apr 17, 2022.
             Killed by divine providence
             ... invoked by an orc priest
              (16 damage)
             ... on level 7 of the Dungeon.
             The game lasted 00:15:38 (8798 turns).

McKennaii the Summoner (Demigod Summoner)           Turns: 8798, Time: 00:15:38

Health: -5/57      AC: 13    Str:  9    XL:     8   Next: 56%
Magic:  29/31      EV: 12    Int: 25    God:
Gold:   90         SH:  0    Dex: 14    Spells: 15/21 levels left

rFire   . . .      SeeInvis .   j - +6 mace of Hubris {protect, MP+9 Stlth+}
rCold   . . .      Faith    .   (no shield)
rNeg    . . .      Spirit   .   o - +2 robe
rPois   .          Reflect  .   z - +0 helmet
rElec   .          Harm     .   w - scarf {+Inv}
rCorr   .          Rampage  .   h - +0 pair of gloves
Will    +....                   (no boots)
Stlth   +++.......              (no amulet)
HPRegen 0.19/turn               k - ring of willpower
MPRegen 0.22/turn               B - ring of flight

@: under a protective aura, flying
A: high MP 1, forlorn, divine attributes
a: Evoke Invisibility


You were on level 7 of the Dungeon.
You visited 1 branch of the dungeon, and saw 7 of its levels.

You collected 278 gold pieces.
You spent 188 gold pieces at shops.

Inventory:

Hand Weapons
 j - the +6 mace of Hubris (weapon) {protect, MP+9 Stlth+}
   (You found it on level 3 of the Dungeon)

   It grants its wielder temporary protection when it strikes (+7 to AC).
   MP:        It affects your magic capacity (+9).
   Stlth:     It makes you more stealthy.
Armour
 h - a +0 pair of gloves (worn)
 o - a +2 robe (worn)
 w - a scarf of invisibility (worn)
 z - a +0 helmet (worn)
Magical Staves
 s - a staff of air
Jewellery
 k - a ring of willpower (left hand)
 B - a ring of flight (right hand)
Wands
 q - a wand of flame (16)
 y - a wand of polymorph (5)
 A - a wand of acid (8)
Scrolls
 c - 10 scrolls of identify {unknown}
 d - 2 scrolls of fear {unknown}
 l - 3 scrolls of vulnerability {unknown}
 r - a scroll of brand weapon {unknown}
 t - 2 scrolls of enchant armour {unknown}
 u - 2 scrolls of torment {unknown}
 v - 3 scrolls of teleportation {unknown}
Potions
 a - a potion of brilliance {unknown}
 b - a potion of might {unknown}
 e - 2 potions of lignification {unknown}
 g - 4 potions of haste {unknown}
 i - 2 potions of resistance {unknown}
 m - a potion of attraction {unknown}
 n - a potion of mutation {unknown}
 p - 2 potions of flight {unknown}
 x - a potion of heal wounds {unknown}


   Skills:
 - Level 1.7 Dodging
 - Level 1.7 Stealth
 + Level 7.0 Spellcasting
 + Level 8.3 Summonings


You had 15 spell levels left.
You knew the following spells:

 Your Spells              Type           Power      Damage    Failure   Level
a - Summon Small Mammal   Summ           100%       N/A       1%          1
b - Call Imp              Summ           50%        N/A       1%          2
c - Call Canine Familiar  Summ           50%        N/A       1%          3

Your spell library contained the following spells:

 Spells                   Type           Power      Damage    Failure   Level
 Summon Guardian Golem    Hex/Summ       29%        N/A       3%          3
 Freeze                   Ice            32%        1d5       7%          1
 Static Discharge         Conj/Air       8%         N/A       10%         2
 Summon Lightning Spire   Summ/Air       29%        N/A       12%         4
 Frozen Ramparts          Ice            16%        1d3       21%         3
 Gell's Gravitas          Tloc           8%         N/A       21%         3
 Lesser Beckoning         Tloc           8%         N/A       21%         3
 Teleport Other           Tloc           8%         N/A       21%         3
 Tukima's Dance           Hex            8%         N/A       21%         3
 Anguish                  Hex/Necr       4%         N/A       54%         4
 Dispel Undead            Necr           8%         3d8       54%         4
 Hailstorm                Conj/Ice       8%         3d4       54%         4
 Sticky Flame             Conj/Fire      8%         2d3       54%         4
 Enfeeble                 Hex            4%         N/A       100%        7


Dungeon Overview and Level Annotations

Branches:
Dungeon (7/15)             Temple (0/1) D:4

Shops:
D:2 *   D:3 *   D:4 *(


Innate Abilities, Weirdness & Mutations

You have an increased reservoir of magic. (+10% MP)
You shall have no god before yourself.
Your divine heritage dramatically boosts your attributes as you level up.


Message History

The centaur skeleton hits you but does no damage.
The centaur skeleton completely misses you.
You barely miss the orc wizard.
The orc wizard is heavily wounded.
Your quokka misses the orc wizard.
The orc priest hits you but does no damage.
The centaur skeleton barely misses you. The centaur skeleton misses you.
The orc wizard hits you but does no damage.
Your bat closely misses the orc wizard.
The white imp gestures at you. The puff of frost hits you!
Your quokka closely misses the orc wizard.
The centaur skeleton hits you but does no damage.
The centaur skeleton kicks you but does no damage.
The orc priest invokes the aid of Beogh against you.
Beogh smites you!
* * * LOW HITPOINT WARNING * * *
The orc wizard hits you but does no damage.
Unknown command.
Unknown command.
You feel better.
Your bat misses the orc wizard.
The white imp hits you but does no damage.
Your quokka closely misses the orc wizard.
The centaur skeleton barely misses you.
The centaur skeleton kicks you but does no damage.
The orc priest barely misses you.
The orc wizard hits you with a +0 dagger.
* * * LOW HITPOINT WARNING * * *
Unknown command.
Unknown command.
You hit the orc wizard.
The orc wizard is almost dead.
Your bat hits the white imp but does no damage. x3
The centaur skeleton hits you but does no damage.
The centaur skeleton completely misses you.
The white imp closely misses you.
Your quokka misses the orc wizard. Your bat hits the white imp.
The orc priest invokes the aid of Beogh against you.
Beogh smites you!
You die...

... ... .... #... ..#
....# .... #.# .....
..... #.# #..###
.....###.## ##....#####
.......#..####..........
........#...............
......ro###.............
.....b5@# #.............
......Zo###.............
........##......)....)..
................).......
........#####...).......
........# ##..).......
........# #####......
........# #.<....
#######


You could see an orc priest, an orc wizard (ally target), a white imp, a centaur
skeleton, a friendly quokka (summoned) and a friendly bat (summoned).

Vanquished Creatures
  A bullfrog (D:6)
  A kobold brigand (D:4)
  A scorpion (D:5)
  A water moccasin zombie (D:6)
  Dowan (D:4)
  The ghost of Testboyz the Digger, a weakling OpEE (D:4)
  A centaur zombie (D:5)
  A bullfrog zombie (D:5)
  A bullfrog skeleton (D:5)
  A jelly (D:3)
  An iguana (D:5)
  A gnoll (D:5)
  3 adders
  A shadow imp (D:6)
  A white imp (D:6)
  2 worms (D:4)
  2 dart slugs (D:4)
  10 orcs
  2 giant cockroaches (D:4)
  A goblin (D:1)
  4 hobgoblins
  2 jackals
  A quokka (D:4)
  A ball python (D:3)
  A bat (D:3)
43 creatures vanquished.

Vanquished Creatures (collateral kills)
  The ghost of Ablot the Cutter, an amateur GnCK of Xom (D:4)
  Duvessa (D:4)
  A water moccasin (D:5)
  An orc warrior (D:7)
  An ogre (D:6)
  A necrophage (D:4)
  A centaur (D:6)
  Blork the orc (D:6)
  A scorpion (D:4)
  A bullfrog zombie (D:5)
  A jelly (D:4)
  4 orc priests
  A bullfrog skeleton (D:6)
  2 orc wizards (D:6)
  A howler monkey zombie (D:6)
  6 gnolls
  4 adders
  3 dart slugs
  6 orcs
  3 endoplasms
  6 goblins
  3 hobgoblins
  6 jackals (D:2)
  7 kobolds
  7 ball pythons
  5 bats
  6 frilled lizards
  A quokka skeleton (D:4)
  3 rats
85 creatures vanquished.

Vanquished Creatures (others)
  6 withered plants (D:4)
6 creatures vanquished.

Grand Total: 134 creatures vanquished

Notes
Turn   | Place    | Note
-------+----------+-------------------------------------------
     0 | D:1      | McKennaii the Demigod Summoner began the quest for the Orb.
     0 | D:1      | Reached XP level 1. HP: 14/14 MP: 5/5
   220 | D:1      | You fall into a shaft and drop 1 floor!
   220 | D:2      | Found Bytt's General Store.
   934 | D:1      | Reached XP level 2. HP: 20/20 MP: 5/7
  1600 | D:2      | Bought a potion of curing for 30 gold pieces
  1600 | D:2      | Bought a potion of degeneration for 10 gold pieces
  1668 | D:2      | Reached skill level 4 in Summonings
  2498 | D:2      | Reached XP level 3. HP: 25/26 MP: 4/9
  3858 | D:3      | Reached XP level 4. HP: 11/33 MP: 8/11
  4227 | D:3      | Identified the +6 mace of Hubris {protect, MP+9 Stlth+}
  4427 | D:3      | Learned a level 2 spell: Call Imp
  4431 | D:3      | Learned a level 3 spell: Call Canine Familiar
  4648 | D:3      | Found Tadytu's Assorted Antiques.
  4665 | D:3      | Bought a scroll labelled ZOINYR BUEP for 25 gold pieces
  4665 | D:3      | Bought a yellow potion for 22 gold pieces
  5275 | D:4      | Noticed Duvessa
  5292 | D:4      | Killed Duvessa
  5293 | D:4      | Reached skill level 5 in Summonings
  5293 | D:4      | Reached XP level 5. HP: 38/38 MP: 8/14
  5293 | D:4      | Noticed Dowan
  5300 | D:4      | Killed Dowan
  5413 | D:4      | Found a runed translucent gate.
  5413 | D:4      | Found a runed translucent gate.
  5413 | D:4      | Found a runed translucent gate.
  5417 | D:4      | Noticed Ablot's ghost (amateur GnCK)
  5417 | D:4      | Noticed Testboyz's ghost (weakling OpEE)
  5440 | D:4      | Reached XP level 6. HP: 45/45 MP: 15/15
  5675 | D:4      | Found a staircase to the Ecumenical Temple.
  5837 | D:4      | Reached skill level 6 in Summonings
  6204 | D:4      | Found Maann's Assorted Antiques.
  6225 | D:4      | Bought a scroll labelled ZEUQOGODOG for 26 gold pieces
  6225 | D:4      | Bought a fizzy purple potion for 23 gold pieces
  6225 | D:4      | Bought a scroll labelled VAMMANKO UZAW for 26 gold pieces
  6225 | D:4      | Bought a scroll labelled ZOINYR BUEP for 26 gold pieces
  6457 | D:4      | Found Irojomyr's Antique Weapon Shoppe.
  6716 | D:5      | Entered Level 5 of the Dungeon
  6755 | D:5      | Reached XP level 7. HP: 48/50 MP: 17/17
  6787 | D:5      | Reached skill level 5 in Spellcasting
  7873 | D:4      | Killed Ablot's ghost
  7874 | D:4      | Reached skill level 7 in Summonings
  7874 | D:4      | Killed Testboyz's ghost
  7980 | D:6      | Reached XP level 8. HP: 55/57 MP: 20/20
  8056 | D:6      | Noticed Blork the orc
  8064 | D:6      | Killed Blork the orc
  8472 | D:6      | Reached skill level 8 in Summonings
  8798 | D:7      | Killed from afar by an orc priest

Illustrated notes

Levels and vault maps discovered:
D:1:      ebering_trefoil_twist, layout_loops_ring
D:2:      layout_basic, serial_shops, nicolae_shop_advertising_works
          [nicolae_subvault_shop_adworks], nicolae_ecumenical_snake_handling,
          minmay_increasing_density
D:3:      minmay_evil_eye, layout_loops_ring, serial_shops, shop_coins
D:4:      layout_gridville, minmay_temple_entry_wispy, gammafunk_ghost_cemetery,
          serial_shops, shop, nicolae_inconvenience_store,
          hangedman_decor_slide_cut, uniq_duvessa
D:5:      layout_basic, serial_curves, eino_curves_04, eino_curves_03,
          st_stairs_14
D:6:      layout_cave_pools, uniq_blork_the_orc
D:7:      layout_rooms, kennysheep_cluttered_room

Skill      XL: |  1  2  3  4  5  6  7  8 |
---------------+-------------------------+-----
Spellcasting   | 2 3 4 6 7 |  7.0
Summonings     | 4 5 6 7 8 |  8.3
Dodging        | |  1.7
Stealth        | |  1.7

Action                   |  1- 3 |  4- 6 |  7- 9 || total
-------------------------+-------+-------+-------++-------
Melee: Unarmed           |    76 |     7 |       ||    83
       Mace              |       |    63 |   105 ||   168
       Punch             |       |     1 |     2 ||     3
 Cast: Summon Small Mamm |   111 |    19 |    12 ||   142
       Call Imp          |       |    19 |    10 ||    29
       Call Canine Famil |       |    10 |    12 ||    22
  Use: Potion            |       |       |     1 ||     1
 Stab: Distracted        |     1 |     2 |     2 ||     5
       Sleeping          |       |     5 |     1 ||     6
Armor: Robe              |    25 |    26 |    69 ||   120
Dodge: Dodged            |    72 |    44 |    76 ||   192
